 Dungeon Crawl Stone Soup version 0.28-a0-1435-g82390b3a13 (webtiles) character file.

Game seed: 12733701887982792703

119 hashsling the Sneak (level 5, 0/30 HPs)
             Began as a Kobold Enchanter on Jan 9, 2022.
             Killed from afar by a hellion (24 damage)
             ... with damnation
             ... on level 1 of the Abyss.
             The game lasted 00:11:17 (2960 turns).

hashsling the Sneak (Kobold Enchanter)              Turns: 2960, Time: 00:11:18

Health: 0/30       AC:  5    Str:  5    XL:     5   Next: 23%
Magic:  8/8        EV: 15    Int: 17    God:
Gold:   88         SH:  0    Dex: 17    Spells: 6/8 levels left

rFire   . . .      SeeInvis .   a - +1 dagger
rCold   . . .      Faith    .   (no shield)
rNeg    + . .      Spirit   .   k - +1 robe {rN+}
rPois   .          Reflect  .   (no helmet)
rElec   .          Harm     .   s - +0 cloak
rCorr   .          Rampage  .   l - +0 pair of gloves
Will    .....                   (no boots)
Stlth   ++++......              (no amulet)
HPRegen 0.10/turn               (no ring)
MPRegen 0.11/turn               (no ring)

@: no status effects
A: small, no large weapons, nightstalker 3
a: no special abilities


You were on level 1 of the Abyss.
You visited 1 branch of the dungeon, and saw 3 of its levels.
You visited the Abyss 1 time.

You collected 88 gold pieces.

Inventory:

Hand Weapons
 a - a +1 dagger (weapon)
 r - a +3 quarterstaff of chaos
 t - a +0 short sword
Missiles
 e - 59 stones
 g - 22 bolts
 h - 10 sling bullets
 m - 4 boomerangs (quivered)
 o - 11 poisoned darts
Armour
 k - a +1 robe of positive energy (worn)
 l - a +0 pair of gloves (worn)
 s - a +0 cloak (worn)
Scrolls
 b - a scroll of teleportation {unknown}
 c - a scroll of fear {unknown}
 d - a scroll of identify {unknown}
 n - a scroll of enchant weapon {unknown}
Potions
 f - a potion of degeneration {unknown}
 i - a potion of heal wounds {unknown}
 j - a potion of magic {unknown}
 q - a potion of cancellation {unknown}
 u - a potion of haste {unknown}


   Skills:
 * Level 2.1 Fighting
 * Level 2.8 Short Blades
 * Level 3.0 Dodging
 + Level 4.9 Stealth
 + Level 2.4 Spellcasting
 + Level 3.6 Hexes
 + Level 0.1 Ice Magic


You had 6 spell levels left.
You knew the following spells:

 Your Spells              Type           Power      Damage    Failure   Level
a - Ensorcelled Hibernat  Hex/Ice        16%        N/A       13%         2

Your spell library contained the following spells:

 Spells                   Type           Power      Damage    Failure   Level
 Confusing Touch          Hex            14%        N/A       13%         3
 Tukima's Dance           Hex            14%        N/A       13%         3
 Dazzling Flash           Conj/Hex       16%        N/A       26%         3


Dungeon Overview and Level Annotations

Branches:
Dungeon (3/15)

Altars:

Shops:
D:1 (


Innate Abilities, Weirdness & Mutations

You are small and have problems with some larger weapons.
You are completely attuned to the shadows.


Message History

The orc wizard is lightly wounded.
You barely miss the orc wizard.
The orc wizard is lightly wounded.
The orc wizard barely misses you.
You hit the orc wizard.
The orc wizard is moderately wounded.
The orc wizard completely misses you.
You closely miss the orc wizard.
The orc wizard is moderately wounded.
The orc wizard hits you but does no damage.
Space warps horribly around you!
You hit the orc wizard but do no damage.
The orc wizard is moderately wounded.
The orc wizard hits you with a +0 dagger of distortion.
You are cast into the Abyss!
This branch contains the abyssal rune of Zot.
Magic restored.
HP restored.
Found a gateway leading deeper into the Abyss. 2 raiju come into view.
Hit: a) +1 dagger
Press: ? - help, Dir - move target, f - raiju
Aim: a raiju (wandering, hasn't noticed you, about 45% to evade your +1 dagger)
Your weapon can't reach that far!
Okay, then.
You fade into invisibility!
A raiju comes into view.
You are suddenly pulled into a different region of the Abyss!
You flicker for a moment.
You flicker back into view.
A tentacled starspawn comes into view.
A raiju comes into view.
A smoke demon comes into view.
The smoke demon roars!
A hellion comes into view.
The hellion hits you. The hellion gestures at you.
The sphere of damnation explodes!
The damnation engulfs you!!
Ouch! That really hurt!
You die...

### .. #.# ... #.
#@##.## .
....#.2... .
###.#3...# ♣
#.#....#h .... ♣♣
#.#....#.# #...♣
♣. #..h.#.#
#§.♣♣...
##...#.###.##.♣♣
#..... ....... .
#....###.#.###.##


You could see a smoke demon and a hellion.

Vanquished Creatures
  Crazy Yiuf (D:2)
  Natasha (D:2)
  2 adders (D:2)
  A worm (D:2)
  2 dart slugs
  3 orcs (D:3)
  2 bats
  2 endoplasms (D:1)
  3 giant cockroaches
  A goblin (D:2)
  6 hobgoblins
  A kobold (D:3)
  A quokka (D:2)
  5 ball pythons
  2 frilled lizards (D:2)
  3 rats
36 creatures vanquished.

Notes
Turn   | Place    | Note
-------+----------+-------------------------------------------
     0 | D:1      | hashsling the Kobold Enchanter began the quest for the Orb.
     0 | D:1      | Reached XP level 1. HP: 10/10 MP: 3/3
   132 | D:1      | Reached XP level 2. HP: 16/16 MP: 5/5
   135 | D:1      | Learned a level 2 spell: Ensorcelled Hibernation
   160 | D:1      | Found Amihuce's Weapon Shoppe.
   891 | D:2      | Reached XP level 3. HP: 20/20 MP: 3/6
  1321 | D:2      | Reached skill level 1 in Fighting
  2041 | D:2      | Noticed Natasha
  2046 | D:2      | Killed Natasha
  2047 | D:2      | Reached XP level 4. HP: 25/25 MP: 7/7
  2279 | D:2      | Found a runed translucent door.
  2282 | D:2      | Noticed Crazy Yiuf
  2287 | D:2      | Killed Crazy Yiuf
  2288 | D:2      | Reached XP level 5. HP: 30/30 MP: 8/8
  2791 | D:3      | Cast into level 1 of the Abyss (orc wizard)
  2902 | Abyss:1  | Noticed a raiju
  2902 | Abyss:1  | Noticed a raiju
  2903 | Abyss:1  | Noticed a raiju
  2950 | Abyss:1  | Noticed a tentacled starspawn
  2951 | Abyss:1  | Noticed a raiju
  2953 | Abyss:1  | Noticed a smoke demon
  2957 | Abyss:1  | Noticed a hellion
  2960 | Abyss:1  | Killed from afar by a hellion

Illustrated notes

Levels and vault maps discovered:
D:1:      minmay_arrival_semitransparent, layout_loops_ring, serial_shops,
          nicolae_shop_statue_plus
D:2:      layout_loops_corners, hangedman_decor_clover_reticule,
          minmay_misc_feat_pillars, minmay_distorted, uniq_natasha,
          uniq_crazy_yiuf_cottage
D:3:      layout_loops_corners, mainiacjoe_overflow_tiny_flanked,
          shapermc_ecumenical_altar_totnotflames, ebering_dispersal_statue_hall,
          grunt_decor_one_mirror, minmay_vboxes
Abyss:1:  base: D:3, gammafunk_corrupted_shrine

Skill      XL: |  1  2  3  4 |
---------------+-------------+-----
Fighting       | 1 2 |  2.1
Short Blades   | 2 |  2.8
Dodging        | 3 |  3.0
Stealth        | |  4.9
Spellcasting   | |  2.4
Hexes          | |  3.6
Ice Magic      | |  0.1

Action                   |  1- 3 |  4- 6 || total
-------------------------+-------+-------++-------
Melee: Dagger            |    97 |    49 ||   146
       Punch             |     1 |     1 ||     2
Throw: Boomerang         |     3 |       ||     3
 Cast: Ensorcelled Hiber |     3 |     9 ||    12
  Use: Potion            |     1 |     1 ||     2
 Stab: Sleeping          |    12 |     8 ||    20
Armor: Robe              |    13 |     5 ||    18
Dodge: Dodged            |    58 |    24 ||    82

Table legend: (Time is in decaauts)
 A = Elapsed time spent in this place.
 B = Non-inter-level travel time spent in this place.
 C = Inter-level travel time spent in this place.
 D = Time resting spent in this place.
 E = Time spent auto-exploring this place.
 F = Levels seen in this place.
 G = Mean time per level.
                   A        B        C        D        E       F      G
               +--------+--------+--------+--------+--------+-----+--------+
         Total |   2943 |   2943 |      0 |      0 |   2155 |   4 |  735.8 |
       Dungeon |   2774 |   2774 |      0 |      0 |   2046 |   3 |  924.7 |
         Abyss |    168 |    168 |      0 |      0 |    109 |   1 |  168.0 |
               +--------+--------+--------+--------+--------+-----+--------+

Top non-repeatable levels by time:
     D:2: 1597 daAuts
     D:1: 855 daAuts
     D:3: 322 daAuts
 Abyss:1: 168 daAuts
